 Dungeon Crawl Stone Soup version 0.31.0-11-ge490571c62 (webtiles) character file.

Game seed: 13532008545981385102

14 Killerpretzel the Changeling (level 2, -2/18 HPs)
             Began as an Octopode Shapeshifter on Feb 9, 2024.
             Slain by a black bear (3 damage)
             ... on level 2 of the Dungeon.
             The game lasted 00:02:05 (355 turns).

Killerpretzel the Changeling (Octopode Shapeshifter) Turns: 355, Time: 00:02:06

Health: -2/18      AC:  1    Str: 13    XL:     2   Next: 41%
Magic:  2/2        EV: 13    Int: 12    God:
Gold:   0          SH:  0    Dex: 11    Spells: 1/1 levels left

rFire   . . .        d - +2 short sword (drain)
rCold   . . .        (no shield)
rNeg    . . .        (helmet currently unavailable)
rPois   .            (no amulet)
rElec   .            (no ring)
rCorr   .            (no ring)
SInv    .            (no ring)
Will    .....        (no ring)
Stlth   +++          (no ring)
HPRegen 0.23/turn    (no ring)
MPRegen 0.08/turn    (no ring)
                     (no ring)

%: no passive effects
@: beast-form
A: beast (slay +1), almost no armour, amphibious, 8 rings, camouflage 1,
gelatinous body 1, nimble swimmer 1, tentacles
a: Begin Untransformation


You were on level 2 of the Dungeon.
You were a hulking beast.
You visited 1 branch of the dungeon, and saw 2 of its levels.

Inventory:

Hand Weapons
 d - a +2 short sword of draining (weapon)
Talismans
 b - a beast talisman
 c - a flux talisman
Potions
 a - a potion of lignification


   Skills:
 + Level 1.3 Fighting
 + Level 2.2 Dodging
 + Level 3.1 Unarmed Combat
 * Level 3.2 Shapeshifting


You had one spell level left.
You didn't know any spells.
Your spell library was empty.

Dungeon Overview and Level Annotations

Branches:
Dungeon (2/15)

Altars:

Shops:
D:1 *


Innate Abilities, Weirdness & Mutations

You are a hulking beast.
Your limbs bulge with bestial killing power. (Slay +1)
You cannot wear most types of armour.
You are amphibious.
You can wear up to eight rings at the same time.
Your skin changes colour to match your surroundings (Stealth+).
Your rubbery body absorbs attacks. (AC +1, EV +1)
You are camouflaged when in or above water. (Stealth+)
You have tentacles for arms and can constrict up to eight enemies at once.


Message History

A black bear is nearby!
You enter the deep water.
Okay, then.
The black bear bites you. The black bear misses you. x2
You closely miss the black bear. Your grab misses the black bear.
The black bear bites you. The black bear claws you.
The black bear barely misses you.
You start resting.
HP restored.
The black bear bites you but does no damage.
The black bear misses you. The black bear claws you.
You hit the black bear. You grab the black bear. You squeeze the black bear.
The black bear is lightly wounded.
You constrict the black bear. The black bear bites you.
The black bear misses you. The black bear barely misses you.
You hit the black bear. You drain the black bear.
You tentacle-slap the black bear.
The black bear is heavily wounded.
You constrict the black bear. The black bear bites you.
* * * LOW HITPOINT WARNING * * *
The black bear claws you.
* * * LOW HITPOINT WARNING * * *
The black bear barely misses you.
You release your grip on the black bear.
You start resting.
The black bear seems less drained.
You start resting.
HP restored.
The black bear closely misses you. The black bear claws you.
The black bear closely misses you.
You hit the black bear. Your grab misses the black bear.
The black bear is heavily wounded.
The black bear bites you! The black bear closely misses you.
The black bear claws you.
You hit the black bear. You drain the black bear. You grab the black bear.
The black bear is severely wounded.
You constrict the black bear. The black bear bites you.
* * * LOW HITPOINT WARNING * * *
The black bear closely misses you. The black bear claws you.
You die...

### ..###
###...##
#....†.#
##h##
#≈h≈####
+≈≈≈'..#
#≈≈≈##.# #
##+###.####.#
#.###.#<)..#
#........###
##.......#
#.......#
#......>..


You could see a black bear (drained).

Vanquished Creatures
  A dart slug (D:1)
  A bat (D:1)
  An endoplasm (D:1)
  A goblin (D:1)
  2 hobgoblins (D:1)
  2 quokkas
  2 rats (D:1)
10 creatures vanquished.

Notes
Turn   | Place    | Note
-------+----------+-------------------------------------------
     0 | D:1      | Killerpretzel the Octopode Shapeshifter began the quest for
                  | the Orb.
     0 | D:1      | Reached XP level 1. HP: 13/13 MP: 1/1
   106 | D:1      | Reached XP level 2. HP: 16/18 MP: 2/2
   120 | D:1      | Found Nomypos's General Store.
   236 | D:2      | Noticed a black bear
   355 | D:2      | Slain by a black bear

Illustrated notes

Levels and vault maps discovered:
D:1:      amcnicky_arrival_choice, layout_loops_corners, serial_shops, shop
D:2:      layout_basic, basic_altar, minmay_liquid_box

Action                     || total
---------------------------++-------
  Melee: Short sword       ||    23
         Constrict         ||     5
         Unarmed           ||     1
         Tentacles         ||     2
         Punch             ||     1
   Stab: Sleeping          ||     2
 Armour: Skin              ||    21
  Dodge: Dodged            ||    26
